Map: Frost LE

Players

Viipers - Winner!

  • Race: Protoss Protoss
  • League: Master

ThisGameSuck

  • Race: Protoss Protoss
  • League: Grandmaster

VOD

Have the link to the VOD?

Description

Time

  • Played on: June 30, 2016, 8:57 a.m.
  • Length: 9:33
Show
View Real Time Build Order
Export as new Build Order

Viipers Protoss - Winner!

Build Orders:  

Get SALT Encoding   

  12  0:01  Probe (Chrono Boost)  
  13  0:11  Probe (Chrono Boost)  
  14  0:21  Pylon  
  14  0:22  Probe (Chrono Boost)  
  15  0:39  Probe (Chrono Boost)  
  15  0:41  Gateway  
  16  0:45  Assimilator  
  16  0:49  Probe (Chrono Boost)  
  17  0:55  Assimilator  
  17  1:00  Probe (Chrono Boost)  
  18  1:10  Probe (Chrono Boost)  
  19  1:14  Gateway  
  19  1:21  Probe (Chrono Boost)  
  20  1:28  Cybernetics Core  
  20  1:32  Probe (Chrono Boost)  
  21  1:37  Pylon  
  21  1:42  Probe (Chrono Boost)  
  22  1:53  Probe (Chrono Boost)  
  23  2:04  Adept  
  23  2:05  Adept, Warp Gate  
  27  2:10  Mothership Core (Chrono Boost)  
  29  2:17  Pylon  
  29  2:34  Stalker  
  29  2:35  Stalker  
  33  2:59  Nexus  
  33  3:06  Sentry  
  33  3:07  Sentry  
  37  3:14  Pylon  
  38  3:20  Probe (Chrono Boost)  
  38  3:30  Probe (Chrono Boost)  
  38  3:33  Robotics Facility  
  39  3:41  Probe (Chrono Boost)  
  39  3:55  Probe (Chrono Boost)  
  37  4:06  Probe (Chrono Boost)  
  38  4:11  Stalker x2  
  38  4:14  Probe (Chrono Boost)  
  38  4:16  Probe (Chrono Boost)  
  44  4:21  Warp Prism  
  46  4:30  Robotics Bay  
  46  4:33  Probe x2 (Chrono Boost)  
  48  4:43  Probe (Chrono Boost)  
  48  4:45  Probe (Chrono Boost)  
  50  4:46  Pylon  
  50  4:54  Probe (Chrono Boost)  
  50  4:56  Probe (Chrono Boost)  
  50  4:57  Observer (Chrono Boost)  
  53  5:04  Probe (Chrono Boost)  
  53  5:06  Probe (Chrono Boost)  
  55  5:11  Twilight Council  
  55  5:12  Gateway  
  55  5:15  Probe (Chrono Boost)  
  55  5:16  Probe (Chrono Boost)  
  55  5:17  Assimilator  
  55  5:18  Disruptor (Chrono Boost)  
  55  5:19  Gravitic Drive  
  60  5:31  Probe, Assimilator  
  60  5:32  Pylon  
  60  5:33  Pylon  
  61  5:40  Probe  
  62  5:43  Probe  
  63  5:53  Disruptor (Chrono Boost)  
  66  5:58  Nexus  
  66  5:59  Pylon  
  66  6:00  Probe  
  67  6:09  Blink  
  67  6:10  Probe  
  68  6:12  Probe  
  69  6:18  Pylon  
  69  6:22  Probe  
  69  6:24  Probe  
  71  6:27  Disruptor (Chrono Boost)  
  71  6:31  Stalker x2  
  78  6:39  Probe  
  79  6:41  Gateway  
  79  6:43  Pylon  
  79  6:58  Disruptor (Chrono Boost)  
  82  7:02  Gateway  
  82  7:04  Gateway  
  82  7:05  Gateway  
  82  7:07  Pylon  
  82  7:08  Pylon, Probe  
  82  7:09  Probe  
  82  7:10  Probe  
  85  7:19  Probe  
  85  7:33  Disruptor (Chrono Boost)  
  85  7:36  Gateway  
  88  7:42  Stalker x3  
  88  7:43  Stalker  
  91  7:49  Gateway  
  91  7:50  Probe  
  91  7:51  Probe x2  
  93  7:56  Pylon  
  94  8:00  Probe  
  94  8:01  Assimilator  
  94  8:04  Warp Prism (Chrono Boost)  
  97  8:09  Stalker x4  
  105  8:13  Sentry  
  105  8:15  Sentry  
  105  8:17  Stalker  
  111  8:20  Probe  
  110  8:30  Probe  
  110  8:33  Stalker x3  
  110  8:34  Stalker  
  116  8:40  Stalker x2  
  120  8:41  Probe  
  120  8:47  Stalker  
  120  8:48  Stalker  
  125  9:02  Stalker  
  125  9:03  Stalker x3  
  125  9:07  Stalker  
  118  9:20  Stalker x2  
  118  9:21  Stalker x2  
Show
View Real Time Build Order
Export as new Build Order

ThisGameSuck Protoss 

Build Orders:  

Get SALT Encoding   

  12  0:01  Probe (Chrono Boost)  
  13  0:12  Probe (Chrono Boost)  
  14  0:18  Pylon  
  14  0:22  Probe (Chrono Boost)  
  15  0:36  Gateway, Probe (Chrono Boost)  
  15  0:41  Assimilator  
  16  0:47  Probe (Chrono Boost)  
  17  0:51  Assimilator  
  17  0:57  Probe (Chrono Boost)  
  18  1:05  Gateway  
  18  1:09  Probe (Chrono Boost)  
  19  1:19  Probe (Chrono Boost)  
  19  1:25  Cybernetics Core  
  20  1:30  Probe (Chrono Boost)  
  21  1:38  Pylon  
  21  1:41  Probe (Chrono Boost)  
  22  1:51  Probe (Chrono Boost)  
  23  2:01  Probe (Chrono Boost)  
  23  2:02  Stalker, Warp Gate (Chrono Boost)  
  26  2:08  Stalker  
  26  2:14  Mothership Core  
  30  2:21  Pylon  
  30  2:35  Probe  
  31  2:39  Sentry  
  31  2:43  Sentry  
  35  2:47  Probe  
  36  2:59  Probe  
  36  3:02  Nexus  
  37  3:10  Pylon  
  37  3:12  Probe  
  38  3:22  Robotics Facility  
  38  3:25  Probe  
  39  3:37  Probe  
  40  3:49  Probe  
  41  3:56  Stalker x2  
  41  4:01  Probe (Chrono Boost)  
  46  4:10  Observer (Chrono Boost)  
  46  4:13  Probe  
  46  4:14  Probe  
  49  4:18  Twilight Council  
  49  4:24  Probe  
  49  4:26  Probe  
  49  4:27  Pylon  
  51  4:32  Immortal (Chrono Boost)  
  51  4:34  Probe  
  51  4:38  Probe  
  57  4:45  Probe  
  57  4:50  Probe  
  59  4:53  Nexus  
  59  4:59  Probe  
  60  5:03  Probe  
  61  5:07  Immortal  
  61  5:09  Assimilator  
  61  5:11  Assimilator  
  65  5:14  Probe  
  65  5:18  Probe  
  67  5:21  Pylon  
  67  5:26  Probe  
  68  5:30  Probe  
  69  5:40  Gateway  
  69  5:41  Gateway x2  
  69  5:46  Stargate  
  69  5:48  Stargate  
  69  5:58  Warp Prism  
  71  6:04  Probe  
  71  6:05  Probe  
  71  6:06  Probe  
  71  6:09  Charge (Chrono Boost)  
  74  6:11  Forge  
  74  6:15  Probe  
  74  6:18  Probe x2  
  77  6:19  Pylon x2  
  69  6:25  Pylon  
  69  6:31  Phoenix (Chrono Boost)  
  71  6:35  Phoenix (Chrono Boost)  
  71  6:37  Probe x2  
  71  6:38  Probe  
  76  6:49  Probe  
  76  6:50  Probe  
  76  6:54  Phoenix (Chrono Boost)  
  73  6:56  Immortal  
  73  6:59  Protoss Ground Weapons Level 1 (Chrono Boost)  
  79  7:02  Probe  
  79  7:03  Probe  
  81  7:09  Probe  
  81  7:14  Probe  
  81  7:15  Probe  
  84  7:22  Probe  
  85  7:26  Probe  
  85  7:27  Probe  
  85  7:28  Phoenix  
  84  7:31  Phoenix  
  84  7:35  Probe  
  89  7:42  Immortal  
  89  7:45  Zealot x2  
  97  7:55  Templar Archives  
  97  7:57  Probe x2  
  99  7:58  Assimilator  
  99  8:00  Assimilator  
  99  8:07  Probe  
  99  8:12  Probe  
  101  8:13  Zealot x4  
  101  8:15  Gateway x2  
  101  8:17  Pylon  
  101  8:18  Pylon  
  109  8:20  Probe x2  
  109  8:24  Probe  
  109  8:26  Immortal  
  112  8:32  Probe  
  117  8:35  Probe  
  117  8:39  Robotics Bay  
  117  8:40  Pylon  
  118  8:45  High Templar x3  
  118  8:47  High Templar  
  125  8:55  Archon x2  
  105  9:19  Zealot x4  
  95  9:26  Zealot x3  
Tags
 
Add a new tag
Caveats
  • Supply blocks, unpowered buildings, or Contaminate may cause inaccurate times.
  • Supply counts are checked every 10 seconds.